 Dungeon Sprint DCSS version 0.28-a0-479-g5baa6b73be (webtiles) character file.

Game seed: 15688886517610425493

2450 MikeHunt the Martial Artist (level 9, -4/81 HPs)
             Began as a Demonspawn Chaos Knight on Sept 17, 2021.
             Was a Plaything of Xom.
             Slain by Erolcha (19 damage)
             ... in the Dungeon (Sprint III: "The Ten Rune Challenge").
             The game lasted 00:07:52 (1997 turns).

MikeHunt the Martial Artist (DsCK)                  Turns: 1997, Time: 00:07:53

Health: -4/81      AC:  5    Str: 13    XL:     9   Next: 25%
Magic:  1/9        EV: 16    Int: 17    God:    Xom [..*...]
Gold:   1109       SH:  5    Dex: 14    Spells: 8/8 levels left

rFire   . . .      SeeInvis .     - Unarmed
rCold   . . .      Faith    .   (no shield)
rNeg    . . .      Spirit   .   a - +2 leather armour
rPois   .          Reflect  +   (no helmet)
rElec   .          Harm     .   (no cloak)
rCorr   .          Rampage  .   (no gloves)
Will    .....      Clarity  +   (no boots) Stlth +.........NoTele +
                                g - amulet of reflection
HPRegen 0.23/turn               (no ring)
MPRegen 0.11/turn               (no ring)

@: no status effects
A: talons 1, foul stench 3, big brain 1, clarity, MP-powered wands
a: Renounce Religion


You were in the Dungeon.
You worshipped Xom.
You were a toy of Xom.
You visited 1 branch You collected 1669 gold pieces.
You spent 560 gold pieces at shops.

Inventory:

Armour
 a - a +2 leather armour (worn)
 c - a +0 chain mail
 h - a +0 ring mail
Jewellery
 g - an amulet of reflection (around neck)
Wands
 m - a wand of paralysis (7)
Scrolls
 f - a scroll of torment
 k - a scroll of holy word
Potions
 b - a potion of curing
 d - a potion of haste
 e - 2 potions of magic
 i - a potion of brilliance
 j - 4 potions of mutation
 l - a potion of cancellation


   Skills:
 + Level 11.5 Fighting
 - Level 1.7 Armour
 + Level 10.3 Dodging
 + Level 12.4 Unarmed Combat
 + Level 4.7 Evocations


You had 8 spell levels left.
You didn't know any spells.
Your spell library contained the following spells:

 Spells                   Type           Power      Damage    Failure   Level
 Blink                    Tloc           N/A        N/A       41%         2
 Manifold Assault         Tloc           0%         N/A       100%        5
 Storm Form               Tmut/Air       0%         N/A       100%        7


Dungeon Overview and Level Annotations

Branches:
Dungeon (1/1)

Altars:
Cheibriados
Dithmenos
Elyvilon
Fedhas
Gozag
Hepliaklqana
Kikubaaqudgha
Makhleb
Nemelex Xobeh
Okawaru
Qazlal
Ru
Sif Muna
Trog
Uskayaw
Vehumet
Wu Jian
Xom
Yredelemnul
Zin
The Shining One
Beogh
Jiyva
Lugonu

Shops:
D ?

Annotations:
D Erolcha


Innate Abilities, Weirdness & Mutations

You have sharp toenails.
You frequently emit foul miasma when damaged in melee.
You have an unusually large brain. (Int +2)
You possess an exceptional clarity of mind.
You expend magic power (3 MP) to strengthen your wands.


Message History

Aiming: Paralyse
Press: ? - help, Shift-Dir - straight line, f - two-headed ogre
Aim: a two-headed ogre, wielding two +0 giant clubs (moderately wounded, chance to affect: 49%)
You feel a surge of power!
The two-headed ogre suddenly stops moving!
The helpless two-headed ogre fails to defend itself.
You punch the two-headed ogre!
The two-headed ogre is heavily wounded.
The helpless two-headed ogre fails to defend itself.
You hit the two-headed ogre. You claw the two-headed ogre.
The two-headed ogre is severely wounded.
The helpless two-headed ogre fails to defend itself.
You pummel the two-headed ogre!!
You kill the two-headed ogre!
You closely miss the orc.
The orc is severely wounded.
The orc barely misses you.
An orc is nearby!
You hit the orc.
You kill the orc!
Aiming: Paralyse
Press: ? - help, Shift-Dir - straight line, f - Erolcha
Aim: Erolcha, wielding a +0 giant club and wearing a +0 robe (chance to affect: 32%)
You feel a surge of power!
Erolcha easily resists.
Erolcha gestures wildly while chanting.
Erolcha flickers and vanishes!
Deactivating autopickup; reactivate with Ctrl-A.
You miss something. You claw something. You punch something.
You punch something! You claw something. Something closely misses you.
You closely miss something. You claw something. Something hits you!
You closely miss something. Something hits you!!
* * * LOW HITPOINT WARNING * * *
You emit a cloud of foul miasma!
Okay, then.
Unknown command.
Aiming: Paralyse
Press: ? - help, Shift-Dir - straight line You feel a slight surge of power.
Nothing appears to happen.
Something hits you!!
You die...

#####.# #.##.##
#__#.####.....+
#._#..........#
#'##........###
...#.)...)...#
.))#.#.####∩##
##)#.#... ###
.))#'##############
...#....#.#.#...@.#
...##.#).#.##.###{#
...'##)#.#.##)#O†##
...#)))#..#..##.Oo
▓▓▓▓▓▓▓▓▓▓▓▓▓▓▓▓▓


There were no monsters in sight!

Vanquished Creatures
  A deep elf pyromancer (D)
  A redback (D)
  A shadow (D)
  A spatial vortex (D)
  2 orc warriors (D)
  A necrophage (D)
  5 two-headed ogres (D)
  A water elemental (D)
  A scorpion (D)
  A jelly (D)
  2 orc priests (D)
  A necromancer (D)
  A wizard (D)
  2 orc wizards (D)
  3 humans (D)
  A kobold demonologist (D)
  9 orcs (D)
  5 rats (D)
39 creatures vanquished.

Vanquished Creatures (others)
  4 plants (D)
4 creatures vanquished.

Grand Total: 43 creatures vanquished

Notes
Turn   | Place    | Note
-------+----------+-------------------------------------------
     0 | D        | MikeHunt the Demonspawn Chaos Knight began the quest for
                  | the Orb.
     0 | D        | Reached XP level 1. HP: 18/18 MP: 1/1
    11 | D        | Reached skill level 3 in Unarmed Combat
    58 | D        | XOM: silly message
    61 | D        | XOM: potion effect (heal wounds)
    67 | D        | XOM: butterfly on damage
    69 | D        | Reached skill level 5 in Unarmed Combat
    69 | D        | Gained mutation: You have sharp toenails. [demonic
                  | ancestry]
    69 | D        | Reached XP level 2. HP: 12/24 MP: 2/2
    69 | D        | Noticed a scorpion
    75 | D        | Killed a scorpion
    76 | D        | Reached skill level 8 in Unarmed Combat
    76 | D        | Reached XP level 3. HP: 10/29 MP: 3/3
    76 | D        | Gained mutation: You may rarely emit foul miasma when
                  | damaged in melee. [demonic ancestry]
    76 | D        | Reached XP level 4. HP: 12/35 MP: 4/4
   269 | D        | Gained mutation: You possess an exceptional clarity of
                  | mind. [potion of mutation]
   269 | D        | Gained mutation: You are frail. (-10% HP) [potion of
                  | mutation]
   269 | D        | Lost mutation: You are frail. (-10% HP) [potion of
                  | mutation]
   269 | D        | Gained mutation: You expend magic power (3 MP) to
                  | strengthen your wands. [potion of mutation]
   306 | D        | Noticed a water elemental
   516 | D        | XOM: noise
   518 | D        | Noticed a shadow
   523 | D        | XOM: potion effect (berserk rage)
   524 | D        | Killed a shadow
   525 | D        | Reached skill level 11 in Unarmed Combat
   525 | D        | Reached XP level 5. HP: 27/41 MP: 5/5
   534 | D        | Found a basalt altar of Yredelemnul.
   534 | D        | Found a shadowy altar of Dithmenos.
   534 | D        | Found a sacrificial altar of Ru.
   534 | D        | Noticed a necrophage
   540 | D        | XOM: potion effect (haste)
   544 | D        | Killed a necrophage
   545 | D        | Reached skill level 5 in Fighting
   545 | D        | Gained mutation: You sometimes emit foul miasma when
                  | damaged in melee. [demonic ancestry]
   545 | D        | Reached XP level 6. HP: 20/51 MP: 6/6
   692 | D        | XOM: silly message
   954 | D        | Found a radiant altar of Vehumet.
   956 | D        | Reached skill level 5 in Dodging
   956 | D        | Found a shimmering blue altar of Sif Muna.
   956 | D        | Found an ancient bone altar of Kikubaaqudgha.
   974 | D        | Noticed a deep elf pyromancer
   979 | D        | Killed a deep elf pyromancer
   980 | D        | Gained mutation: You have an unusually large brain. (Int
                  | +2) [demonic ancestry]
   980 | D        | Reached XP level 7. HP: 40/63 MP: 7/7
  1091 | D        | Found a hide-covered altar of Uskayaw.
  1091 | D        | Found an iron altar of Okawaru.
  1091 | D        | Found a bloodstained altar of Trog.
  1091 | D        | Found an ornate altar of the Wu Jian Council.
  1091 | D        | Noticed a human
  1092 | D        | Noticed a human
  1102 | D        | Killed a human
  1109 | D        | XOM: cast spell 'Summon Small Mammal'
  1111 | D        | Killed a human
  1112 | D        | Gained mutation: You frequently emit foul miasma when
                  | damaged in melee. [demonic ancestry]
  1112 | D        | Reached XP level 8. HP: 48/72 MP: 8/8
  1222 | D        | Found a blossoming altar of Fedhas.
  1222 | D        | Found a stormy altar of Qazlal.
  1223 | D        | Found a snail-covered altar of Cheibriados.
  1223 | D        | Found a burning altar of Makhleb.
  1223 | D        | Found a hazy altar of Hepliaklqana.
  1223 | D        | Found a shimmering altar of Xom.
  1223 | D        | Found an opulent altar of Gozag.
  1223 | D        | Found a sparkling altar of Nemelex Xobeh.
  1223 | D        | Found a corrupted altar of Lugonu.
  1223 | D        | Found a viscous altar of Jiyva.
  1229 | D        | XOM: cleaving
  1235 | D        | Reached skill level 10 in Fighting
  1255 | D        | XOM: summons friendly quasit
  1571 | D        | Reached skill level 1 in Evocations
  1619 | D        | XOM: silly message
  1703 | D        | XOM: silly message
  1788 | D        | XOM: silly message
  1801 | D        | Reached skill level 12 in Unarmed Combat
  1823 | D        | Found Piba's Magic Scroll Shop.
  1832 | D        | Bought a scroll of acquirement for 520 gold pieces
  1854 | D        | Acquired an amulet of reflection
  1864 | D        | Bought a scroll of identify for 20 gold pieces
  1864 | D        | Bought a scroll of identify for 20 gold pieces
  1883 | D        | Noticed a two-headed ogre
  1893 | D        | Killed a two-headed ogre
  1894 | D        | Reached XP level 9. HP: 60/81 MP: 9/9
  1970 | D        | Noticed a two-headed ogre
  1970 | D        | Noticed Erolcha
  1978 | D        | Reached skill level 10 in Dodging
  1989 | D        | Killed a two-headed ogre
  1997 | D        | Slain by Erolcha

Illustrated notes

Levels and vault maps discovered:
D:        dungeon_sprint_mu [sprint_mu_entry_cave, sprint_mu_temple_rooms,
          sprint_mu_d1_spiders, sprint_mu_d2_genie, sprint_mu_d3_branching,
          sprint_mu_orc_legion, sprint_mu_elf_gauntlet, sprint_mu_hive_nellie,
          sprint_mu_lair_fedhas, sprint_mu_vaults_butterflies,
          sprint_mu_slime_circle, sprint_mu_swamp_cave, sprint_mu_snake_twists,
          sprint_mu_blade_basic, sprint_mu_crypt_lich, sprint_mu_tomb_spiral,
          sprint_mu_vestibule_basic, sprint_mu_gehenna_hellfire,
          sprint_mu_dis_giant, sprint_mu_tartarus_statrot,
          sprint_mu_cocytus_islands, sprint_mu_zot1]

Skill      XL: |  1  2  3  4  5  6  7  8  9 |
---------------+----------------------------+-----
Unarmed Combat | 5 8 11 12 | 12.4
Fighting       | 5 8 9 11 | 11.5
Dodging        | 3 7 8 9 10 | 10.3
Evocations     | 3 4 |  4.7
Armour         | |  1.7

Action                   |  1- 3 |  4- 6 |  7- 9 || total
-------------------------+-------+-------+-------++-------
Melee: Unarmed           |    31 |    33 |   100 ||   164
       Kick              |       |     6 |    40 ||    46
       Punch             |       |     1 |     8 ||     9
Evoke: Wand              |       |       |     4 ||     4
  Use: Potion            |     1 |     1 |     3 ||     5
       Scroll            |       |     1 |     6 ||     7
 Stab: Paralysed         |       |       |     4 ||     4
Armor: Leather armour    |     5 |     7 |     7 ||    19
Dodge: Dodged            |    12 |     7 |    29 ||    48
Block: Other             |       |       |     3 ||     3

Table legend: (Time is in decaauts)
 A = Elapsed time spent in this place.
 B = Non-inter-level travel time spent in this place.
 C = Inter-level travel time spent in this place.
 D = Time resting spent in this place.
 E = Time spent auto-exploring this place.
 F = Levels seen in this place.
 G = Mean time per level.
                   A        B        C        D        E       F      G
               +--------+--------+--------+--------+--------+-----+--------+
         Total |   1964 |   1924 |     40 |   1302 |      0 |   1 | 1964.0 |
       Dungeon |   1964 |   1924 |     40 |   1302 |      0 |   1 | 1964.0 |
               +--------+--------+--------+--------+--------+-----+--------+

Top non-repeatable levels by time:
       D: 1964 daAuts
